 Dungeon Crawl Stone Soup version 0.19-a0-526-gbe2e51c (webtiles) character file.

103 tyrsky the Conjurer (level 4, 0/24 HPs)
             Began as a Tengu Conjurer on June 7, 2016.
             Was a Follower of Cheibriados.
             Slain by a phantom (6 damage)
             ... on level 4 of the Dungeon.
             The game lasted 00:07:25 (2746 turns).

tyrsky the Conjurer (Tengu Conjurer)                Turns: 2746, Time: 00:07:26

Health: 0/24       AC:  2    Str: 12    XL:     4   Next: 79%
Magic:  8/8        EV:  8    Int: 22    God:    Cheibriados [*.....]
Gold:   260        SH:  0    Dex: 16    Spells: 2 memorised, 3 levels left

rFire  . . .     SeeInvis +       - Unarmed
rCold  . . .     Gourm    .     a - +0 robe
rNeg   . . .     Faith    .     (no shield)
rPois  .         Spirit   .     (helmet restricted)
rElec  .         Dismiss  .     (no cloak)
rCorr  .         Reflect  .     (no gloves)
SustAt .         Harm     .     (boots unavailable)
MR     .....                    m - amulet of rage (curse)
Stlth  ++........               n - +5 ring of intelligence
                                v - ring "Tiaggudgh" {+Fly SInv}

@: very slow, not resistant to hostile enchantments, unstealthy
A: beak, talons 3
a: Bend Time, Renounce Religion, Evoke Berserk Rage, Evoke Flight


You were on level 4 of the Dungeon.
You worshipped Cheibriados.
Cheibriados was aware of your devotion.
You were near starving.

You visited 1 branch of the dungeon, and saw 4 of its levels.

You collected 260 gold pieces.

Inventory:

Missiles
 h - 77 stones (quivered)
Armour
 a - a +0 robe (worn)
Jewellery
 k - a +2 ring of strength
 m - a cursed amulet of rage (around neck)
 n - a +5 ring of intelligence (right hand)
 s - a +4 amulet of reflection {unknown}
 v - the ring "Tiaggudgh" (left hand) {+Fly SInv}
   (You found it on level 4 of the Dungeon)

   [ring of see invisible]

   It lets you see invisible.
   It lets you fly.
 x - the ring "Cegheula" {Fire rN+++ MR+ Dex+2 Slay-3, unknown}
   (You found it on level 4 of the Dungeon)

   [ring of fire]

   It enhances your fire magic, and weakens your ice magic.
   It affects your dexterity (+2).
   It affects your accuracy and damage with ranged weapons and melee attacks
   (-3).
   It protects you from fire.
   It makes you vulnerable to cold.
   It renders you almost immune to negative energy.
   It affects your resistance to hostile enchantments.
Scrolls
 d - 2 scrolls of identify {unknown}
 e - 3 scrolls of random uselessness {unknown}
 i - 3 scrolls of remove curse {unknown}
 l - 3 scrolls of magic mapping {unknown}
 q - 3 scrolls of immolation {unknown}
 y - a scroll of fear {unknown}
Potions
 f - a potion of berserk rage {unknown}
 g - a potion of brilliance {unknown}
 j - 2 potions of heal wounds {unknown}
 o - 2 potions of haste {unknown}
 p - 3 potions of ambrosia {unknown}
 r - a potion of agility {unknown}
 t - 2 potions of curing {unknown}
Books
 b - a book of Conjurations

   Spells                             Type                      Level
   a - Magic Dart                     Conjuration                  1
   b - Searing Ray                    Conjuration                  2
   c - Dazzling Spray                 Conjuration/Hexes            3
   d - Fulminant Prism                Conjuration/Hexes            4
   e - Iskenderun's Mystic Blast      Conjuration                  4
   f - Iskenderun's Battlesphere      Conjuration/Charms           5
Comestibles
 c - 2 bread rations
 u - a slice of pizza
 w - 2 meat rations


   Skills:
 + Level 3.0 Dodging
 + Level 2.5 Stealth
 + Level 1.3 Unarmed Combat
 * Level 2.5 Spellcasting
 * Level 6.1 Conjurations
 * Level 0.7 Hexes


You had 3 spell levels left.
You knew the following spells:

 Your Spells              Type           Power        Failure   Level  Hunger
a - Magic Dart            Conj           ####         1%          1    None
b - Fulminant Prism       Conj/Hex       ###.......   34%         4    ####...


Dungeon Overview and Level Annotations

Branches:
Dungeon (4/15)
 Temple: D:4-7

Altars:
Cheibriados
Okawaru
Qazlal
Sif Muna
Trog
Xom

Annotations:
D:4 tyrsky's ghost, amateur TeCj


Innate Abilities, Weirdness & Mutations

You have a beak for a mouth.
You have claws for feet.


Message History

The phantom blinks!
The phantom blinks!
The phantom hits you.
Found a stone staircase leading down.
The phantom blinks!
The phantom blinks!
The phantom barely misses you.
There is a stone staircase leading down here.
You hit the phantom. Your kick misses the phantom.
Your peck misses the phantom.
The phantom is lightly damaged.
The phantom hits you.
You hit the phantom. You claw the phantom, but do no damage.
The phantom is lightly damaged.
The phantom completely misses you.
You hit the phantom but do no damage. Your peck misses the phantom.
The phantom is lightly damaged.
The phantom hits you!
* * * LOW HITPOINT WARNING * * *
The phantom hits you.
You die...

#.#.
#############.#.
#.W.....W...#.#.
#.#########.#.#.
#.# #.#.#W #.#
#.#.#)
###.#########W#.#.
#.WW..........W...
#Q................
#.#.#########.#.#.
#.#.# #.#.## #.#.#
#.#.# #.#.# #.#.#
#.#.# #.... #.#.#
#.... #.#


You could see 2 phantoms.

Vanquished Creatures
  3 adders
  An ooze (D:1)
  2 worms
  A dart slug (D:3)
  2 orcs
  3 giant cockroaches
  6 goblins
  7 hobgoblins
  4 jackals (D:2)
  4 quokkas
  A ball python (D:3)
  11 bats
  A giant newt (D:2)
  6 kobolds
  6 rats
  A fulminant prism (D:4)
59 creatures vanquished.

Vanquished Creatures (others)
  3 fulminant prisms (D:4)
3 creatures vanquished.

Grand Total: 62 creatures vanquished

Notes
Turn   | Place    | Note
--------------------------------------------------------------
     0 | D:1      | tyrsky the Tengu Conjurer began the quest for the Orb.
     0 | D:1      | Reached XP level 1. HP: 10/10 MP: 4/4
   283 | D:1      | Reached XP level 2. HP: 15/15 MP: 0/6
   543 | D:2      | Reached XP level 3. HP: 19/19 MP: 3/7
   610 | D:2      | Reached skill level 1 in Unarmed Combat
   909 | D:2      | Found a bloodstained altar of Trog.
   935 | D:2      | Reached skill level 6 in Conjurations
  1060 | D:2      | Found a snail-covered altar of Cheibriados.
  1070 | D:2      | Reached XP level 4. HP: 24/24 MP: 6/8
  1076 | D:2      | Learned a level 4 spell: Fulminant Prism
  1078 | D:2      | Became a worshipper of Cheibriados the Contemplative
  1081 | D:2      | Found an iron altar of Okawaru.
  1214 | D:2      | Found a deep blue altar of Sif Muna.
  1594 | D:3      | Reached * piety under Cheibriados
  1809 | D:3      | Found a shimmering altar of Xom.
  1809 | D:3      | Found a stormy altar of Qazlal.
  2082 | D:4      | Noticed a phantom
  2110 | D:4      | Got a pitted bronze ring
  2112 | D:4      | Identified the ring "Tiaggudgh" {+Fly SInv} (You found it on level 4 of the Dungeon)
  2127 | D:4      | Got a heavily runed bronze ring
  2658 | D:4      | Noticed tyrsky's ghost (amateur TeCj)
  2724 | D:4      | Noticed a phantom
  2746 | D:4      | Slain by a phantom

Vault maps used:
D:1:      dpeg_arrival_arbitrary_c, serial_bayou_pond_d, corner_web_ring
D:2:      grunt_temple_overflow_open, lemuel_coloured_pillars_altar,
          cheibriados_altar_1, bh_walls_and_bars
D:3:      gammafunk_temple_overflow_wave, gammafunk_temple_overflow_elements
D:4:      first_bread, lightli_corner_chamber

Skill      XL: |  1  2  3  4 |
---------------+-------------+-----
Unarmed Combat | 1 |  1.3
Conjurations   | 6 |  6.1
Dodging        | 3 |  3.0
Stealth        | |  2.5
Spellcasting   | |  2.5
Hexes          | |  0.7

Action                   |  1- 3 |  4- 6 || total
-------------------------+-------+-------++-------
Melee: Unarmed           |    20 |     6 ||    26
       Kick              |     3 |     1 ||     4
       Peck              |     3 |     1 ||     4
Throw: Stone             |     5 |     7 ||    12
 Cast: Magic Dart        |    66 |    63 ||   129
       Fulminant Prism   |       |     4 ||     4
  Eat: Chunk             |     1 |     2 ||     3
Armor: Robe              |     6 |     4 ||    10
Dodge: Dodged            |    15 |    11 ||    26
